 Dungeon Sprint DCSS version 0.16-a0-5-g756871a (webtiles) character file.

14539 Crauler the Unseen (level 11, -5/70 (73) HPs)
             Began as a Vampire Enchanter on Aug 3, 2014.
             Was the Champion of Dithmenos.
             Engulfed by a cloud of freezing vapour (27 damage)
             ... in the Dungeon (Sprint I: "Red Sonja").
             The game lasted 00:32:26 (2925 turns).

Crauler the Unseen (Vampire Enchanter)              Turns: 2925, Time: 00:32:26

HP  -5/70 (73)   AC 12     Str  5 (7)  XL: 11   Next: 90%
MP  22/22        EV 21     Int 10 (13) God: Dithmenos [******]
Gold 777         SH  0     Dex 20      Spells:  6 memorised,  8 levels left

rFire  . . .     SeeInvis +     n - +2 dagger (speed)
rCold  . . .     Clarity  .     v - +2 leather armour "Ujuiwur" {+Blink rElec rN+ MR+}
rNeg   + . .     rCorr    .     (no shield)
rPois  .         rRot     .     u - +2 helmet
rElec  +         Spirit   .     t - +2 cloak
SustAb .         Warding  .     s - +0 pair of gloves
rMut   .         NoTele   +     (no boots)
Gourm  .                        (no amulet)
MR     ++...                    (no ring)
                                j - +5 ring of dexterity

@: regenerating quickly, wreathed by umbra, very resistant to hostile
enchantments, uncannily stealthy
A: bottle blood, fangs 3, see invisible, clumsy 1, deterioration 2, dopey 2,
frail 2, low mp 1, wild magic 1, unbreathing, no device heal 1
a: Bottle Blood, Shadow Step, Shadow Form, Renounce Religion, Evoke Blink


You were in the Dungeon.
You worshipped Dithmenos.
Dithmenos was exalted by your worship.
You were full.

You visited 1 branch You collected 2795 gold pieces.
You spent 2018 gold pieces at shops.

Inventory:

Hand weapons
 a - a +0 dagger of draining
 m - a +6 blowgun
 n - a +2 dagger of speed (weapon)
Missiles
 o - 9 curare-tipped needles
Armour
 p - a troll hide
 s - a +0 pair of gloves (worn)
 t - a +2 cloak (worn)
 u - a +2 helmet (worn)
 v - the +2 leather armour "Ujuiwur" (worn) {+Blink rElec rN+ MR+}
   (You bought it in a shop in the Dungeon)

   It insulates you from electricity.
   It protects you from negative energy.
   It affects your resistance to hostile enchantments.
   It lets you blink.
Magical devices
 k - a wand of random effects (6)
 l - a wand of teleportation (5) {unknown}
Scrolls
 r - a scroll of random uselessness {unknown}
Jewellery
 j - a +5 ring of dexterity (left hand)
Potions
 e - 4 potions of curing
 f - 3 potions of heal wounds
 g - a potion of haste
 h - 2 potions of magic
 i - a potion of berserk rage
Books
 c - a book of Maledictions

   Spells                             Type                      Level
   *Corona                            Hexes                        1
   *Sure Blade                        Hexes/Charms                 2
   *Ensorcelled Hibernation           Hexes/Ice                    2
   *Confuse                           Hexes                        3
   *Dazzling Spray                    Conjuration/Hexes            3
   *Enslavement                       Hexes                        4


   Skills:
 + Level 10.8 Fighting
 + Level 14.3 Short Blades
 + Level 12.8 Dodging
 + Level 19.6 Stealth
 - Level 6.7 Spellcasting
 - Level 5.0 Conjurations
 + Level 18.3 Hexes
 - Level 5.1 Ice Magic


You had 8 spell levels left.
You knew the following spells:

 Your Spells              Type           Power        Failure   Level  Hunger
a - Corona                Hex            ######.      1%          1    None
b - Ensorcelled Hibernat  Hex/Ice        #####.       1%          2    ##.....
c - Confuse               Hex            ######..     1%          3    ###....
d - Dazzling Spray        Conj/Hex       #####...     2%          3    ###....
e - Sure Blade            Hex/Chrm       ####......   3%          2    ##.....
f - Enslavement           Hex            ######..     1%          4    ####...


Dungeon Overview and Level Annotations

Branches:
Dungeon (1/1)

Altars:
Cheibriados
Dithmenos
Elyvilon
Fedhas
Gozag
Kikubaaqudgha
Makhleb
Nemelex Xobeh
Okawaru
Qazlal
Sif Muna
Trog
Vehumet
Xom
Yredelemnul
Zin
The Shining One
Jiyva

Shops:
D ***([*[*}*?[%?[(?=![[

Annotations:
D Norris


Innate Abilities, Weirdness & Mutations

Your natural rate of healing is unusually fast.
You can bottle blood from corpses.
You have razor-sharp teeth.
You have supernaturally acute eyesight.
You can survive without breathing.
You are clumsy. (Dex -2)
Your body is deteriorating.
You are very dopey. (Int -4)
You are very frail (-20% HP).
Your magical capacity is low (-10% MP).
Your spells are a little harder to cast, but a little more powerful.
Potions and wands are less effective at restoring your health.


Message History

You see here 27 gold pieces.
You now have 615 gold pieces (gained 27).
You now have 642 gold pieces (gained 27).
You now have 669 gold pieces (gained 27).
You now have 696 gold pieces (gained 27).
You now have 723 gold pieces (gained 27).
f - 3 potions of heal wounds (gained 1)
You are engulfed in freezing vapours.
You see here 27 gold pieces.
You now have 750 gold pieces (gained 27).
You are engulfed in freezing vapours.
* * * LOW HITPOINT WARNING * * *
You emit a cloud of dark smoke.
You now have 777 gold pieces (gained 27).
You start resting.
You feel weakened.
You start resting.
You are engulfed in freezing vapours.
You emit a cloud of dark smoke.
You are engulfed in freezing vapours.
You die...

_####)..'.§#.#.###§§.#######'#.§.
##.%#####.§§.#'#.###§#,,[##..#§.§
§§§.#§§##'####^..#@#.##$$$#..##§§
§§.§§§§#...§§#...###..###$#..≈###
§§.§#.§#...^.'.....##.#A#$#..≈.)#
§#####'###^§.#^....#..###$#..≈.##
§.%###§§§#§.§###++##.##..$#.%≈##,
'###[###§#.§###§§###.,*+###..≈#,,
...'[∩##.#.^####@.###,,,*,≈..##,,
########.##'#$$#..#.###,*M≈..#,,,
......##.##.#$§$......#,###..#,,,
......§§.####$$$$.....#,*,'..#*,,
''######.#,,+$$$$..####+*,##'#*,
....§§§#§#**##$$$###,,,,*,*≈≈≈**,
....§§#'§#,,,#####,,,****,*≈≈≈≈**
.....§####,,,,,,,,,***,,,,*≈≈≈≈≈*
....≈≈#*,,,,,,,*****,,,,****≈≈≈≈*


There were no monsters in sight!

Vanquished Creatures
  A lorocyproca (D)
  A hydra (D)
  2 centaur warriors (D)
  A deep troll (D)
  2 unseen horrors (D)
  A lindwurm (D)
  8 shining eyes (D)
  An oklob plant (D)
  A gargoyle (D)
  4 demonic crawlers (D)
  2 kobold demonologists (D)
  A hellwing (D)
  Sonja (D)
  A slime creature (D)
  4 trapdoor spiders (D)
  13 hogs (D)
  A yak (D)
  4 yellow wasps (D)
  An ogre (D)
  7 necrophages (D)
  Sigmund (D)
  8 jellies (D)
  Ijyb (D)
  7 giant eyeballs (D)
  A giant spore (D)
  2 ballistomycetes (D)
77 creatures vanquished.

Vanquished Creatures (others)
  2 mermaids (D)
  A gargoyle (D)
  A yellow wasp (D)
  A giant spore (D)
5 creatures vanquished.

Grand Total: 82 creatures vanquished

Notes
Turn   | Place    | Note
--------------------------------------------------------------
     0 | D        | Crauler, the Vampire Enchanter, began the quest for the Orb.
     0 | D        | Reached XP level 1. HP: 13/13 MP: 3/3
     2 | D        | Noticed Ijyb
     8 | D        | Killed Ijyb
     8 | D        | Reached skill level 6 in Stealth
     8 | D        | Reached skill level 5 in Hexes
     8 | D        | Reached XP level 2. HP: 13/19 MP: 3/6
   114 | D        | Learned a level 2 spell: Ensorcelled Hibernation
   116 | D        | Noticed an ogre
   118 | D        | Killed an ogre
   118 | D        | Reached skill level 8 in Stealth
   118 | D        | Reached XP level 3. HP: 24/24 MP: 5/9
   118 | D        | Reached XP level 4. HP: 30/30 MP: 6/11
   135 | D        | Learned a level 3 spell: Confuse
   136 | D        | Noticed Sigmund
   138 | D        | Killed Sigmund
   138 | D        | Reached skill level 5 in Short Blades
   138 | D        | Reached skill level 9 in Stealth
   138 | D        | Reached skill level 5 in Spellcasting
   138 | D        | Reached XP level 5. HP: 35/35 MP: 9/15
   152 | D        | Found a snail-covered altar of Cheibriados.
   152 | D        | Found a shadowy altar of Dithmenos.
   152 | D        | Noticed a slime creature
   153 | D        | Found a viscous altar of Jiyva.
   153 | D        | Found a blossoming altar of Fedhas.
   162 | D        | Killed a slime creature
   162 | D        | Reached skill level 10 in Stealth
   162 | D        | Reached skill level 10 in Hexes
   162 | D        | Reached XP level 6. HP: 41/41 MP: 7/19
   169 | D        | Learned a level 3 spell: Dazzling Spray
   172 | D        | Learned a level 2 spell: Sure Blade
   177 | D        | Learned a level 4 spell: Enslavement
   177 | D        | Found a deep blue altar of Sif Muna.
   178 | D        | Noticed a jelly
   179 | D        | Found a radiant altar of Vehumet.
   183 | D        | Killed a jelly
   183 | D        | Reached skill level 11 in Stealth
   200 | D        | Found Blaagul's Antique Weapon Emporium.
   200 | D        | Found a white marble altar of Elyvilon.
   200 | D        | Found a stormy altar of Qazlal.
   200 | D        | Found a burning altar of Makhleb.
   200 | D        | Found a basalt altar of Yredelemnul.
   200 | D        | Found a glowing golden altar of the Shining One.
   200 | D        | Found a sparkling altar of Nemelex Xobeh.
   200 | D        | Found a shimmering altar of Xom.
   200 | D        | Found an opulent altar of Gozag.
   200 | D        | Found an ancient bone altar of Kikubaaqudgha.
   200 | D        | Found a glowing silver altar of Zin.
   200 | D        | Noticed a yak
   201 | D        | Found an iron altar of Okawaru.
   202 | D        | Killed a yak
   202 | D        | Reached skill level 5 in Ice Magic
   202 | D        | Reached XP level 7. HP: 46/46 MP: 15/21
   203 | D        | Found a bloodstained altar of Trog.
   223 | D        | Became a worshipper of Dithmenos the Shadowed
   243 | D        | Bought a glowing blowgun for 37 gold pieces
   243 | D        | Bought a glowing dagger for 30 gold pieces
   251 | D        | Noticed Sonja
   255 | D        | Killed Sonja
   255 | D        | Reached skill level 12 in Stealth
   292 | D        | Noticed a kobold demonologist
   293 | D        | Noticed a kobold demonologist
   295 | D        | Killed a kobold demonologist
   297 | D        | Killed a kobold demonologist
   297 | D        | Reached skill level 5 in Dodging
   297 | D        | Reached skill level 13 in Stealth
   297 | D        | Reached XP level 8. HP: 56/60 MP: 22/22
   323 | D        | Noticed a deep troll
   327 | D        | Killed a deep troll
   327 | D        | Reached skill level 5 in Fighting
   327 | D        | Reached skill level 10 in Short Blades
   327 | D        | Reached skill level 14 in Stealth
   365 | D        | Noticed a centaur warrior
   365 | D        | Noticed a centaur warrior
   367 | D        | Killed a centaur warrior
   367 | D        | Acquired Dithmenos' first power
   367 | D        | Reached XP level 9. HP: 66/69 MP: 23/23
   370 | D        | Killed a gargoyle
   378 | D        | Killed a centaur warrior
   378 | D        | Reached skill level 15 in Stealth
   417 | D        | Noticed a yellow wasp
   420 | D        | Killed a yellow wasp
   431 | D        | Noticed an oklob plant
   433 | D        | Killed an oklob plant
   439 | D        | Noticed a trapdoor spider
   442 | D        | Killed a trapdoor spider
   442 | D        | Reached skill level 16 in Stealth
   651 | D        | Noticed a trapdoor spider
   651 | D        | Noticed a trapdoor spider
   653 | D        | Killed a trapdoor spider
   653 | D        | Reached skill level 15 in Hexes
   653 | D        | Reached XP level 10. HP: 47/79 MP: 17/24
   657 | D        | Killed a trapdoor spider
   657 | D        | Acquired Dithmenos' second power
   802 | D        | Noticed a trapdoor spider
   803 | D        | Killed a trapdoor spider
   808 | D        | Noticed an unseen horror
   810 | D        | Noticed an unseen horror
   814 | D        | Killed an unseen horror
   818 | D        | Killed an unseen horror
   818 | D        | Reached skill level 10 in Dodging
   821 | D        | Noticed a jelly
   821 | D        | Noticed a jelly
   821 | D        | Noticed a jelly
   821 | D        | Noticed a jelly
   821 | D        | Noticed a jelly
   821 | D        | Noticed a jelly
   821 | D        | Noticed a necrophage
   821 | D        | Noticed a necrophage
   822 | D        | Noticed a jelly
   823 | D        | Killed a jelly
   823 | D        | Acquired Dithmenos' third power
   824 | D        | Killed a jelly
   825 | D        | Killed a jelly
   828 | D        | Killed a jelly
   830 | D        | Killed a jelly
   831 | D        | Killed a jelly
   866 | D        | Killed a jelly
   866 | D        | Acquired Dithmenos' fourth power
  1014 | D        | Killed a necrophage
  1014 | D        | Reached skill level 17 in Stealth
  1024 | D        | Noticed a necrophage
  1024 | D        | Noticed a necrophage
  1024 | D        | Noticed a necrophage
  1024 | D        | Noticed a necrophage
  1024 | D        | Noticed a necrophage
  1038 | D        | Killed a necrophage
  1048 | D        | Killed a necrophage
  1055 | D        | Killed a necrophage
  1057 | D        | Killed a necrophage
  1063 | D        | Killed a necrophage
  1068 | D        | Killed a necrophage
  1212 | D        | Found Macal's Armour Emporium.
  1216 | D        | Bought a +0 pair of gloves for 58 gold pieces
  1216 | D        | Bought a +2 cloak for 214 gold pieces
  1358 | D        | Found Garud's Assorted Antiques.
  1358 | D        | Found Uzuha's Antique Armour Shop.
  1358 | D        | Found Ledybb's Gadget Boutique.
  1360 | D        | Found Ostrazeg's General Store.
  1360 | D        | Found Throhoguci's Magic Scroll Shop.
  1360 | D        | Found Threegem's Antique Armour Shoppe.
  1360 | D        | Found Wacueron's Food Boutique.
  1360 | D        | Found Pebic's Magic Scroll Emporium.
  1360 | D        | Found Mohasej's Antique Armour Shop.
  1360 | D        | Found Ytysiyf's Weapon Shoppe.
  1360 | D        | Found Qitelur's Magic Scroll Boutique.
  1365 | D        | Found Seav's Distillery.
  1365 | D        | Found Fidwacs' Jewellery Boutique.
  1366 | D        | Found Briuddon's Armour Emporium.
  1371 | D        | Bought a shiny helmet for 112 gold pieces
  1422 | D        | Found Uzxaugio's Assorted Antiques.
  1436 | D        | Noticed a shining eye
  1436 | D        | Noticed a shining eye
  1436 | D        | Noticed a shining eye
  1436 | D        | Noticed a shining eye
  1436 | D        | Noticed a shining eye
  1483 | D        | Noticed a demonic crawler
  1483 | D        | Noticed a demonic crawler
  1483 | D        | Noticed a demonic crawler
  1483 | D        | Noticed a demonic crawler
  1485 | D        | Killed a demonic crawler
  1486 | D        | Killed a demonic crawler
  1488 | D        | Killed a demonic crawler
  1498 | D        | Killed a demonic crawler
  1498 | D        | Reached skill level 5 in Conjurations
  1549 | D        | Noticed a gargoyle
  1552 | D        | Killed a gargoyle
  1581 | D        | Noticed a lindwurm
  1583 | D        | Killed a lindwurm
  1583 | D        | Reached XP level 11. HP: 84/84 MP: 25/25
  1597 | D        | Noticed a hog
  1597 | D        | Noticed a hog
  1597 | D        | Noticed a hog
  1597 | D        | Noticed a hog
  1597 | D        | Noticed a hog
  1597 | D        | Noticed a hog
  1597 | D        | Noticed a hog
  1597 | D        | Noticed a hog
  1597 | D        | Noticed a hog
  1597 | D        | Noticed a hog
  1597 | D        | Noticed a hog
  1604 | D        | Killed a hog
  1612 | D        | Noticed a hog
  1615 | D        | Killed a hog
  1617 | D        | Killed a hog
  1627 | D        | Killed a hog
  1631 | D        | Killed a hog
  1634 | D        | Killed a hog
  1641 | D        | Killed a hog
  1642 | D        | Noticed a hog
  1643 | D        | Killed a hog
  1644 | D        | Killed a hog
  1644 | D        | Reached skill level 18 in Stealth
  1645 | D        | Killed a hog
  1647 | D        | Killed a hog
  1648 | D        | Killed a hog
  1650 | D        | Killed a hog
  1709 | D        | Noticed a 12-headed hydra
  1711 | D        | Killed a 12-headed hydra
  1746 | D        | Noticed a daeva
  1818 | D        | Noticed a mermaid
  1819 | D        | Noticed a deep elf annihilator
  1820 | D        | Noticed a hellwing
  1820 | D        | Noticed a mermaid
  1821 | D        | Noticed a yellow wasp
  1821 | D        | Noticed a yellow wasp
  1822 | D        | Noticed a yellow wasp
  1822 | D        | Noticed a yellow wasp
  1829 | D        | HP: 4/87 [deep elf annihilator/bolt of lightning (16)]
  1831 | D        | a yellow wasp (ally) was killed
  1861 | D        | Killed a yellow wasp
  1868 | D        | Killed a yellow wasp
  1955 | D        | Killed a mermaid
  2048 | D        | Killed a yellow wasp
  2068 | D        | Killed a mermaid
  2107 | D        | Killed a hellwing
  2110 | D        | Noticed a mummy priest
  2183 | D        | Bought a potion of beneficial mutation for 455 gold pieces
  2184 | D        | Gained mutation: Your spells are a little harder to cast, but a little more powerful. [potion of beneficial mutation]
  2189 | D        | Bought a +5 ring of dexterity for 535 gold pieces
  2231 | D        | Bought the +2 leather armour "Ujuiwur" {+Blink rElec rN+ MR+} for 556 gold pieces
  2273 | D        | Noticed a shining eye
  2274 | D        | Noticed a shining eye
  2274 | D        | Noticed a shining eye
  2275 | D        | Killed a shining eye
  2276 | D        | Killed a shining eye
  2276 | D        | Reached skill level 10 in Fighting
  2277 | D        | Paralysed by a giant eyeball for 4 turns
  2282 | D        | Killed a shining eye
  2284 | D        | Gained mutation: Your magical capacity is low (-10% MP). [a shining eye]
  2285 | D        | Killed a shining eye
  2285 | D        | Reached skill level 19 in Stealth
  2290 | D        | Gained mutation: You are dopey. (Int -2) [a shining eye]
  2290 | D        | Gained mutation: You are frail (-10% HP). [a shining eye]
  2293 | D        | Killed a shining eye
  2297 | D        | Paralysed by a giant eyeball for 4 turns
  2299 | D        | Gained mutation: You are very dopey. (Int -4) [a shining eye]
  2300 | D        | Gained mutation: Your body is slowly deteriorating. [a shining eye]
  2304 | D        | Paralysed by a giant eyeball for 4 turns
  2306 | D        | Gained mutation: Potions and wands are less effective at restoring your health. [a shining eye]
  2309 | D        | Killed a shining eye
  2309 | D        | Lost mutation: Your spells are a little harder to cast, but a little more powerful. [a shining eye]
  2314 | D        | Gained mutation: You are clumsy. (Dex -2) [a shining eye]
  2317 | D        | Gained mutation: Your body is deteriorating. [a shining eye]
  2320 | D        | Killed a shining eye
  2323 | D        | Gained mutation: Your spells are a little harder to cast, but a little more powerful. [a shining eye]
  2328 | D        | Gained mutation: You are very frail (-20% HP). [a shining eye]
  2330 | D        | Killed a shining eye
  2333 | D        | Found Afri's Armour Shop.
  2333 | D        | Found Wilimauwk's Assorted Antiques.
  2333 | D        | Found Geffawyk's General Store.
  2334 | D        | Found Shrev's General Store.
  2357 | D        | Bought a glowing red potion for 21 gold pieces
  2499 | D        | Noticed Norris
  2499 | D        | Noticed a lorocyproca
  2505 | D        | Killed a lorocyproca
  2804 | D        | HP: 3/70 [cloud of freezing vapour (29)]
  2925 | D        | Engulfed by a cloud of freezing vapour

Action                   |  1- 3 |  4- 6 |  7- 9 | 10-12 || total
-------------------------+-------+-------+-------+-------++-------
Melee: Dagger            |     5 |     9 |    17 |   135 ||   166
 Cast: Corona            |     1 |       |       |       ||     1
       Ensorcelled Hiber |     1 |     1 |     3 |    13 ||    18
       Confuse           |       |     1 |     3 |    18 ||    22
       Dazzling Spray    |       |       |       |     9 ||     9
       Enslavement       |       |       |       |     1 ||     1
Invok: Shadow Step       |       |       |       |     1 ||     1
 Abil: Bottle Blood      |       |       |     2 |     8 ||    10
Evoke: Wand              |     1 |       |       |       ||     1
  Use: Potion            |       |       |       |    17 ||    17
       Scroll            |       |       |       |     2 ||     2
 Stab: Sleeping          |     2 |     3 |     9 |    36 ||    50
       Confused          |       |     3 |     3 |    10 ||    16
       Invisible         |       |       |       |     2 ||     2
